woodfighter, chaotic female orcish Cavewoman ------ |....| ########` |<....# #----- ------# #|... # #|...- ---- # #|...| |..|------ # #|...| |(.|.....| # #|...| ||-|.._..| # #|...--+--@f|.....| # #|..........|.....| | # #|........{.-|----- ........| # #|....'.........................| ### #|...-+---...........-+---+-- | # #|...| --------.---- ###|...| + #-...| #|...-----+------ ---- ----- | +############|..............................| -------------------------------- woodfighter the Young Cave Woman Experience level: 7 Strength: 18/01 Dexterity: 16 Constitution: 17 Intelligence: 8 Wisdom: 9 Charisma: 8 Health: 0(51) Energy: 24(24) Def: 12 Gold: 0 Moves: 3113 Dungeon seed: -2TIhiWZYnGdZLKV Game ID: woodfighter_1476913858 Your Inventory: Weapons a - a +0 dwarvish spear named main (weapon in hand) b - 5 +0 dwarvish spears (in quiver) Armor e - an uncursed +1 dwarvish cloak n - an uncursed +0 helm of brilliance r - an uncursed +0 pair of water walking boots (being worn) w - a blessed +1 dwarvish mithril-coat (being worn) x - an uncursed +0 elven shield (being worn) z - an uncursed +0 dwarvish iron helm (being worn) B - an uncursed +0 elven cloak (being worn) J - an uncursed +0 dwarvish cloak N - an uncursed +0 dwarvish cloak O - an uncursed +0 dwarvish cloak T - an uncursed +0 dwarvish cloak Y - an uncursed +0 dwarvish cloak Comestibles c - 2 uncursed food rations d - an uncursed mango Scrolls Z - a cursed scroll of consecration Tools y - an uncursed skeleton key K - a +0 pick-axe Spells and supernatural/magical abilities: Name Level Category Fail Memory W - pray for help -- divine ? -- Your skills at the end: Miscellaneous Skills bare handed combat [Basic] Weapon Skills scimitar [Basic] club [Basic] sling [Basic] Spellcasting Skills Final Attributes: You were piously aligned. You were poison resistant. Your writing hand was ok. You were telepathic. You had infravision. You were somewhat stealthy. You could walk on water. You were fast. You are dead. Vanquished creatures: 2 small mimics a large dog a dust vortex a gnome mummy a Woodland-elf a snake 6 gnome lords 3 gnomish wizards a paper golem a floating eye 8 dwarves an iguana 2 orc zombies a gas spore 2 hobbits 2 geckos 3 giant rats 3 cave spiders a brown mold a green mold 23 gnomes 4 manes a gnome zombie 7 jackals a kobold 4 newts a goblin 4 grid bugs 2 lichens a kobold zombie 90 creatures vanquished. Voluntary challenges: You did not adorn yourself with jewelry or accessories. You did not cause conflict. You were not invisible. You did not have reflection. You were not displaced. You used a wielded weapon 113 times, starting on turn 39. You did not apply a unicorn horn. You did not use plumbed fixtures. You did not drink any magical draughts. You read items or engraved 1 time, starting on turn 3102. You never genocided any monsters. You never polymorphed an object. You never changed form. You used no wishes. You never split a pudding. You never wrote Elbereth's name. You never violated your personal moral code. Dungeon overview: The Dungeons of Doom: levels 1 to 4 Level 1 a sink a long staircase Level 2 a general store Level 3 (wv) stairs to The Gnomish Mines Level 4 The Gnomish Mines: levels 4 to 7 Level 4 stairs to The Dungeons of Doom Level 5 Level 6 Level 7 <- You were here a temple to Anu, a magic chest, a fountain History has recorded: On T:1 you entered the Dungeons of Doom to retrieve the Amulet of Yendor! On T:67 you reached level 2 of The Dungeons of Doom. On T:522 you advanced to experience level 2. On T:580 you reached level 3 of The Dungeons of Doom. On T:855 you advanced to experience level 3. On T:876 you advanced to experience level 4. On T:1213 you reached level 4 of The Dungeons of Doom. On T:1483 you reached level 1 of The Gnomish Mines. On T:1604 you advanced to experience level 5. On T:1720 you prayed to Anshar. On T:1747 you reached level 2 of The Gnomish Mines. On T:2071 you advanced to experience level 6. On T:2112 you reached level 3 of The Gnomish Mines. On T:2706 you advanced to experience level 7. On T:2902 you reached level 4 of The Gnomish Mines. On T:3015 you entered the Minetown temple On T:3101 you opened a magic chest. Score breakdown: Gold: 0 ( 0 points) Experience: 7 levels ( 600 points) Exploration: 7 levels ( 180 points) Discoveries: 13 items ( 650 points) Variety of kills: 30 monsters ( 1500 points) Major goal: reached Minetown ( 500 points) Survival: died (score multiplied by 3) Total score: 10290 Latest messages: You carefully open the magic chest... You put 2 uncursed lembas wafers into the magic chest. You succeed in unlocking the door. The door opens. The panther claws you! The panther misses. The panther bites! The panther claws you! The panther misses. The panther bites! You jab the panther! The panther misses. The panther claws you! The panther misses. The panther claws you! (2x) The panther bites! You jab the panther! The panther misses. (2x) The panther bites! You jab the panther! The panther claws you! (2x) The panther bites! You die... Final status: Goodbye woodfighter the Cavewoman, killed by a panther... You died in The Gnomish Mines on dungeon level 7 with 10290 points, and 0 pieces of gold, after 3113 moves. You were level 7 with a maximum of 51 hit points when you died.